Description

123

VOD

https://www.youtube.com/watch?v=91eWcyrDrnU

Replay - llllllllllll v Serral - Thunderbird LE

Build Order

Get SALT Encoding   

  12  0:00  SCV  
  13  0:13  SCV  
  14  0:17  Supply Depot  
  14  0:25  SCV  
  15  0:38  SCV  
  15  0:39  Barracks  
  16  0:43  Refinery  
  16  0:50  SCV  
  17  1:03  SCV  
  18  1:15  SCV  
  19  1:27  Orbital Command, Reaper  
  20  1:39  Command Center  
  20  1:51  Supply Depot  
  20  1:53  SCV  
  21  1:59  Marine  
  22  2:05  SCV  
  22  2:07  Factory  
  23  2:17  SCV  
  23  2:18  Barracks  
  23  2:20  Marine  
  26  2:40  Barracks Reactor  
  27  2:49  Command Center  
  27  2:57  Orbital Command  
  28  3:06  Hellion  
  28  3:08  Barracks Reactor  
  33  3:30  Factory Tech Lab  
  33  3:36  Barracks Tech Lab, Hellion x2  
  39  3:45  Marine x2  
  43  3:55  Stimpack  
  43  3:56  Marine  
  43  3:58  Hellion x2  
  43  4:02  Orbital Command  
  50  4:05  Marine x2  
  50  4:07  Refinery x2  
  52  4:12  Supply Depot  
  52  4:14  Marine  
  54  4:22  Marine x2  
  54  4:23  Starport  
  56  4:28  Orbital Command  
  59  4:36  Supply Depot  
  66  4:58  Supply Depot  
  66  4:59  Medivac x2  
  71  5:02  Armory  
  71  5:06  Refinery  
  80  5:23  Engineering Bay x2  
  80  5:28  Factory Reactor  
Spawning Tool Build Advisor. Get it on Overwolf

Analysis

123

Go to:

Details

  • Created by: apollonfeb
  • Published on: Aug 07, 2019
  • Modified on: Aug 07, 2019
  • Patch: 4.7.1
Show
View Real Time Build Order
Export as new Build Order

Comments (0)

There are no comments. Be the first!

Create an account to comment!